Map: Snowbound Colony

Players

senpa - Winner!

  • Race: Terran Terran
  • Spawn Location: 6:00

Ceraon - Winner!

  • Race: Terran Terran
  • League: Platinum
  • Spawn Location: 7:00

ILIEKEGGPIE - Winner!

  • Race: Terran Terran
  • League: Platinum
  • Spawn Location: 7:00

Tofik

  • Race: Protoss Protoss
  • League: Gold
  • Spawn Location: 1:00

veryfree

  • Race: Zerg Zerg
  • Spawn Location: 1:00

batiz

  • Race: Protoss Protoss
  • Spawn Location: 12:00

VOD

Have the link to the VOD?

Description

Time

  • Played on: April 8, 2018, 12:47 a.m.
  • Length: 17:21
Show
View Real Time Build Order
Export as new Build Order

senpa Terran - Winner!

Build Orders:  

Get SALT Encoding   

  12  0:01  SCV  
  13  0:13  SCV  
  14  0:19  Supply Depot  
  14  0:25  SCV  
  15  0:41  SCV  
  16  0:43  Barracks  
  16  0:52  Refinery  
  16  0:53  SCV  
  17  1:05  SCV  
  17  1:09  Barracks  
  18  1:11  Refinery  
  18  1:17  SCV  
  19  1:29  SCV  
  19  1:30  Supply Depot  
  20  1:40  Marine  
  20  1:41  SCV  
  22  1:54  Factory  
  22  2:00  Marine  
  24  2:01  SCV  
  24  2:02  Barracks Reactor  
  24  2:14  Orbital Command  
  24  2:23  Barracks Reactor  
  24  2:26  Supply Depot  
  24  2:39  Factory Reactor  
  24  2:40  Marine  
  24  2:42  Starport  
  24  2:44  Marine  
  26  2:58  Marine  
  26  2:59  Marine x2  
  26  3:01  Marine  
  30  3:16  Marine  
  30  3:17  SCV  
  30  3:18  Marine x2  
  30  3:19  Marine  
  35  3:26  Medivac  
  37  3:28  Medivac  
  37  3:34  Marine  
  40  3:36  Marine  
  40  3:38  Marine  
  42  3:41  Marine  
  43  3:51  Marine, SCV  
  43  3:54  Marine  
  46  4:05  SCV  
  47  4:18  Command Center  
  47  4:22  SCV  
  47  4:24  Marine  
  49  4:34  Marine x2, SCV  
  52  4:47  SCV  
  52  4:51  Marine x2  
  52  4:52  Marine  
  53  5:17  Marine x2  
  53  5:18  Marine  
  55  5:29  Marine  
  55  5:35  Marine x3  
  59  5:47  Marine  
  56  5:56  Marine  
  56  5:57  Orbital Command, Marine x2  
  52  6:08  Refinery  
  52  6:12  Orbital Command  
  52  6:41  SCV  
  52  6:43  SCV  
  54  6:53  SCV  
  55  6:55  SCV  
  55  6:56  Barracks  
  55  6:57  Factory Tech Lab  
  55  6:58  Factory  
  55  6:59  Engineering Bay  
  56  7:05  SCV  
  56  7:07  SCV  
  55  7:17  SCV  
  55  7:19  SCV  
  53  7:33  Marine x3, Missile Turret  
  56  7:52  SCV  
  56  7:56  Barracks Tech Lab  
  56  7:57  Factory Tech Lab, Sensor Tower  
  56  7:58  Marine x4  
  58  8:00  SCV  
  58  8:04  SCV  
  63  8:15  SCV  
  63  8:16  Marine x4, SCV  
  63  8:17  Refinery  
  69  8:25  Sensor Tower  
  69  8:27  SCV  
  69  8:34  Marine x2, SCV  
  70  8:35  Supply Depot  
  70  8:36  Supply Depot  
  70  8:39  Engineering Bay  
  70  8:41  Command Center  
  73  8:42  Armory, Terran Infantry Weapons Level 1  
  73  8:43  Marine x2  
  73  8:44  Stimpack  
  73  8:45  Marauder  
  77  8:51  Marine  
  78  8:56  Medivac x2, Marine  
  78  9:01  Marine x2  
  85  9:05  Barracks  
  85  9:06  Barracks  
  85  9:07  Marauder  
  85  9:08  Sensor Tower  
  85  9:09  Marine  
  88  9:13  Terran Infantry Armor Level 1  
  88  9:14  Marine  
  89  9:18  Marine  
  89  9:19  Marine  
  91  9:24  Supply Depot  
  91  9:27  Marine  
  91  9:28  Marauder  
  94  9:42  Marine x2  
  94  9:43  Marine  
  94  9:45  Marine  
  95  9:47  Supply Depot  
  95  9:49  Marauder  
  95  9:50  Siege Tank  
  92  10:00  Marine x2  
  92  10:01  Marine  
  92  10:03  Marine  
  92  10:05  Marine x2  
  98  10:11  Marauder  
  100  10:17  Orbital Command  
  100  10:18  Marine x2  
  100  10:19  Marine  
  100  10:21  Missile Turret  
  103  10:24  SCV  
  104  10:28  Marine  
  104  10:29  Marine  
  104  10:30  Missile Turret  
  104  10:32  Marauder  
  108  10:38  Marine x2  
  110  10:45  Missile Turret  
  110  10:49  Marine x3  
  113  10:51  Marine  
  113  10:53  Marine  
  113  10:55  Marine  
  116  11:01  Viking x2  
  120  11:31  Marine x2  
  120  11:32  Marauder, Marine x2  
  128  11:39  Refinery  
  128  11:42  Barracks Reactor  
  128  11:43  Command Center, Barracks Tech Lab  
  128  11:44  Terran Infantry Weapons Level 2  
  128  11:46  Supply Depot  
  126  11:47  Supply Depot, Terran Infantry Armor Level 2  
  126  11:49  Marine x4  
  126  11:53  Marauder  
  132  12:07  Marine x4  
  136  12:15  Marauder  
  120  12:19  Marine x2  
  120  12:20  Marauder  
  115  12:25  Marine x4  
  112  12:36  Marauder  
  114  12:37  Marine x2  
  114  12:41  Marauder  
  114  12:42  Marine  
  118  12:57  Marauder, Marine x3  
  118  12:58  Marine x2  
  102  13:00  Marine  
  102  13:02  Siege Tank  
  102  13:03  Marauder  
  102  13:04  Siege Tank  
  95  13:10  Planetary Fortress  
  93  13:15  Marine  
  93  13:19  Marauder  
  93  13:24  Marauder  
  95  13:34  Marine x2  
  95  13:35  Marine x2  
  95  13:36  Marine x2  
  95  13:40  Marauder  
  103  13:43  Concussive Shells  
  103  13:44  Combat Shields  
  103  13:45  Marauder  
  105  13:48  Barracks  
  105  13:51  Terran Vehicle Weapons Level 1  
  105  13:52  Marine x3  
  105  13:53  Marine  
  105  13:54  Marine x2  
  111  13:58  Medivac  
  111  14:01  Marauder, Medivac  
  117  14:05  Refinery  
  117  14:07  Marauder, Refinery  
  119  14:10  Marine x4  
  119  14:12  Marine x2  
  119  14:13  Terran Infantry Weapons Level 3  
  125  14:28  Marine x2  
  125  14:30  Marine  
  128  14:38  Marauder, Marine x3  
  131  14:39  Marauder  
  131  14:42  Barracks Tech Lab  
  135  14:46  Marine x2  
  135  14:47  Marine  
  126  14:56  Marine x2  
  113  15:00  Marauder x2  
  99  15:09  Marine x4  
  99  15:10  Marauder  
  99  15:13  Marine, SCV  
  99  15:14  Marine  
  91  15:21  Marauder x2  
  91  15:22  SCV  
  91  15:25  SCV  
  91  15:27  Marine x4, Siege Tank  
  102  15:30  Siege Tank  
  102  15:31  Marauder, Marine  
  110  15:43  Marauder x2  
  110  15:47  Marine x2  
  110  15:48  Marine x2  
  116  15:50  SCV  
  116  15:52  Marauder  
  119  15:57  SCV  
  119  15:59  Siege Tank  
  119  16:00  SCV  
  119  16:02  SCV  
  127  16:04  Marauder x2  
  127  16:09  SCV  
  127  16:11  Medivac x2  
  134  16:12  Marine x4, SCV  
  134  16:14  Marauder  
  141  16:22  SCV  
  141  16:24  SCV  
  147  16:25  Marauder  
  147  16:26  Marauder  
  147  16:35  Marauder  
  149  16:44  Marine x4  
  157  16:47  Marauder x2  
  155  16:56  Marauder  
Show
View Real Time Build Order
Export as new Build Order

Ceraon Terran - Winner!

Build Orders: MMM Bio 

Get SALT Encoding   

  12  0:03  SCV  
  13  0:15  SCV  
  14  0:29  Supply Depot  
  14  0:30  SCV  
  15  0:50  SCV  
  15  0:52  Barracks  
  16  1:03  Refinery, SCV  
  17  1:15  SCV  
  18  1:27  SCV  
  19  1:39  SCV  
  20  1:41  Supply Depot  
  20  1:42  Marine  
  21  1:51  SCV  
  22  1:56  Refinery  
  22  2:00  Marine  
  23  2:03  Orbital Command  
  23  2:09  Factory  
  23  2:11  Barracks  
  23  2:25  Supply Depot  
  23  2:30  SCV, Barracks Tech Lab  
  24  2:42  SCV  
  25  2:54  SCV  
  26  3:03  Siege Tank  
  26  3:04  Barracks Tech Lab  
  29  3:06  SCV  
  30  3:14  Marine  
  30  3:18  SCV  
  32  3:25  Stimpack, Marine  
  33  3:30  SCV  
  33  3:32  Marine  
  35  3:36  Command Center, Siege Tank  
  38  3:42  SCV  
  39  3:49  Supply Depot  
  39  3:55  Engineering Bay  
  39  4:04  Barracks Reactor  
  39  4:10  Marine, SCV  
  41  4:22  SCV  
  42  4:29  Siege Tank  
  42  4:30  Marine  
  46  4:34  SCV  
  47  4:40  Barracks  
  47  4:42  Missile Turret  
  47  4:44  Barracks  
  47  4:47  Marine x2  
  49  5:02  Marine  
  49  5:05  Marine x2  
  52  5:20  Marine  
  53  5:23  Marine x2  
  53  5:26  Combat Shields  
  55  5:38  Marine  
  55  5:41  Marine x2  
  59  5:51  Barracks Reactor  
  59  5:55  Terran Infantry Weapons Level 1  
  55  6:00  Barracks Reactor  
  55  6:02  Orbital Command  
  55  6:08  SCV  
  56  6:13  Command Center  
  56  6:20  SCV  
  53  6:32  SCV  
  54  6:37  Starport, SCV  
  55  6:44  SCV  
  55  6:45  Marine x2  
  58  6:54  Supply Depot  
  58  6:55  Marine x2, Supply Depot  
  58  6:56  SCV  
  58  6:57  Supply Depot  
  58  6:59  Supply Depot  
  61  7:05  SCV  
  62  7:08  Missile Turret  
  62  7:17  SCV  
  63  7:32  Orbital Command  
  63  7:34  SCV x2  
  65  7:43  Marine  
  65  7:44  Marine x3  
  66  7:45  Marauder  
  66  7:46  Starport Reactor, SCV  
  66  7:47  SCV, Siege Tank  
  76  7:58  Refinery  
  76  8:00  Refinery  
  76  8:04  Marine x3  
  76  8:05  Marine x2  
  81  8:06  Marauder  
  81  8:11  Barracks  
  83  8:18  SCV x2  
  85  8:27  Marauder  
  85  8:28  Barracks, SCV  
  85  8:30  SCV x2  
  85  8:31  Barracks  
  90  8:35  Marine  
  90  8:36  Medivac x2  
  90  8:37  Command Center  
  90  8:40  SCV  
  96  8:42  SCV  
  97  8:49  Marauder  
  97  8:50  Marine x2  
  101  9:00  Marine x2  
  103  9:06  Medivac x2  
  103  9:08  Barracks Tech Lab  
  107  9:10  Marauder, Marine  
  109  9:17  Barracks  
  109  9:26  Marine  
  109  9:33  Marauder  
  109  9:35  Marauder  
  109  9:37  Marine x2  
  109  9:46  Marine  
  109  9:47  Command Center  
  109  9:58  Barracks Reactor  
  109  9:59  Barracks Tech Lab  
  109  10:00  Marine  
  109  10:03  Refinery  
  109  10:17  Supply Depot  
  109  10:18  Supply Depot  
  109  10:19  Supply Depot  
  109  10:35  Supply Depot  
  109  10:37  Supply Depot  
  109  10:38  Medivac x2, Marine x2  
  109  10:39  Supply Depot, SCV x2  
  109  10:40  Supply Depot, Marauder x2, Marine x2, SCV  
  124  10:51  SCV  
  124  10:52  SCV  
  124  10:53  SCV  
  127  11:02  Marauder x2, Terran Infantry Armor Level 1  
  127  11:03  SCV  
  132  11:04  SCV  
  132  11:06  SCV  
  132  11:08  Medivac x2  
  138  11:15  SCV  
  138  11:16  SCV  
  140  11:23  Marauder x2  
  115  11:38  Medivac  
  107  11:41  Medivac  
  107  11:44  Marauder x2  
  107  11:45  Marauder, Marine x4  
  119  11:51  Marine x4  
  123  12:00  Engineering Bay  
  123  12:02  Marine  
  123  12:03  Marine x3  
  123  12:04  Refinery  
  123  12:06  Refinery, Marauder x3  
  123  12:08  Medivac, SCV  
  134  12:09  Armory, Marine x4  
  134  12:11  Medivac  
  142  12:20  Marine x2, SCV  
  142  12:21  Marine x2  
  147  12:27  Marauder x2, Marine x5  
  156  12:32  SCV  
  144  12:38  Medivac, Marine x3  
  144  12:39  Marine  
  144  12:41  Medivac  
  141  12:44  Marine  
  141  12:45  Marauder, Marine x3  
  141  12:48  Marauder x2  
  151  12:56  Marine x3  
  154  13:05  Marine x5  
  154  13:07  Marauder  
  154  13:08  Medivac  
  154  13:09  Marine  
  154  13:10  Marauder  
  155  13:18  Medivac  
  139  13:38  Medivac  
  137  13:48  Medivac  
  136  14:08  Medivac  
  136  14:09  Terran Infantry Weapons Level 2  
  135  14:10  Terran Infantry Armor Level 2  
  134  14:25  Viking  
  136  14:34  Marine x11  
  147  14:38  Viking  
  149  14:51  Marine  
  149  14:52  Marine x10  
  160  15:09  Marine  
  160  15:10  Marine x10  
  165  15:27  Marine x2  
  165  15:28  Marine x9  
  156  15:46  Marine x3  
  125  16:10  Marauder x3, Marine  
  125  16:11  Marine x7  
  131  16:16  Orbital Command  
  131  16:22  Medivac x2  
  135  16:28  Marine x4  
  135  16:29  Marine x4  
  135  16:31  Marauder x3  
  147  16:46  Marine x8  
  153  16:52  Marine x3  
Show
View Real Time Build Order
Export as new Build Order

ILIEKEGGPIE Terran - Winner!

Build Orders: MMM Bio 

Get SALT Encoding   

  12  0:02  SCV  
  14  0:14  SCV  
  14  0:18  Supply Depot  
  14  0:26  SCV  
  15  0:30  Refinery  
  15  0:40  SCV  
  16  0:49  Barracks  
  16  0:52  SCV  
  17  1:06  Barracks  
  17  1:16  Barracks  
  17  1:24  SCV  
  18  1:31  Refinery  
  18  1:36  SCV  
  18  1:39  Reaper  
  21  1:54  Reaper  
  21  2:05  Reaper  
  21  2:06  Orbital Command  
  22  2:11  Reaper  
  23  2:17  Supply Depot  
  23  2:39  Reaper  
  23  3:15  Reaper  
  23  3:16  Reaper x2  
  26  3:34  Factory  
  25  3:48  Reaper x2  
  25  3:49  Reaper  
  27  4:07  SCV  
  28  4:19  SCV  
  28  4:20  Marine x2  
  31  4:27  Marine  
  31  4:28  Supply Depot, Factory Reactor  
  31  4:30  Supply Depot, Factory Tech Lab  
  32  4:31  SCV  
  32  4:38  Marine x2  
  34  4:43  Command Center  
  34  4:45  Marine  
  36  5:02  Marine x2  
  39  5:11  Factory Reactor  
  38  5:20  Marine  
  36  5:37  Marine  
  36  5:38  Marine  
  36  5:39  Barracks Reactor  
  36  5:40  Stimpack  
  37  5:43  Starport  
  36  5:52  Supply Depot  
  36  5:53  Supply Depot  
  36  5:57  Barracks Tech Lab  
  36  5:58  Orbital Command  
  36  6:06  SCV  
  36  6:08  Factory Tech Lab  
  37  6:18  SCV  
  38  6:30  SCV  
  39  6:38  Combat Shields  
  39  6:40  Marine x2  
  39  6:41  Marauder, Marine  
  39  6:42  Medivac x2  
  48  6:50  SCV  
  49  6:54  Supply Depot  
  49  6:57  Engineering Bay, Orbital Command  
  49  6:58  Marine x2  
  49  6:59  Marauder  
  53  7:04  Engineering Bay  
  52  7:28  Orbital Command  
  50  7:37  Medivac x2  
  50  7:38  Marine x2  
  50  7:39  Marauder x2  
  50  7:41  Terran Infantry Weapons Level 1  
  60  7:56  Marine  
  61  8:00  Marauder  
  61  8:03  SCV x2  
  65  8:11  Medivac  
  65  8:12  Marine  
  69  8:14  Concussive Shells, Marine  
  69  8:15  SCV x2  
  72  8:22  Marauder  
  73  8:27  SCV x2  
  75  8:49  Armory  
  75  8:51  Marine x3  
  75  8:52  Marauder  
  80  9:01  SCV  
  80  9:02  SCV  
  82  9:05  Refinery  
  82  9:07  Refinery  
  82  9:08  Marine  
  83  9:14  SCV x2  
  85  9:26  SCV x2  
  85  9:28  Supply Depot  
  87  9:34  Supply Depot  
  87  9:38  SCV x2  
  89  9:50  SCV x2  
  83  10:02  SCV  
  80  10:21  Marine  
  80  10:22  Marauder, Marine x2  
  80  10:26  Barracks  
  80  10:28  Barracks  
  85  10:30  Barracks  
  85  10:33  Factory  
  85  10:38  Factory  
  85  10:39  Marine  
  85  10:40  Marauder  
  88  10:43  SCV x2  
  90  10:50  Command Center, Terran Infantry Weapons Level 2  
  90  10:51  Terran Infantry Armor Level 1  
  90  10:54  Command Center  
  90  11:20  Factory  
  90  11:29  Factory Tech Lab x2  
  90  11:34  Barracks Reactor  
  89  11:40  Barracks Reactor  
  89  11:43  Barracks Reactor  
  71  12:03  Marine  
  71  12:04  Marine  
  71  12:08  Orbital Command x2  
  70  12:10  Siege Tank x2  
  70  12:12  Factory Tech Lab  
  70  12:14  Supply Depot, SCV  
  70  12:15  SCV  
  73  12:27  SCV  
  74  12:37  Supply Depot  
  74  12:42  Siege Tank  
  65  13:07  SCV x2  
  67  13:28  Orbital Command  
  67  13:34  Marine x2  
  67  13:35  Marauder x2, Marine x4  
  67  13:36  Marine  
  67  13:37  Medivac x2  
  67  13:39  Marine  
  83  13:48  Orbital Command  
  80  13:52  Marine x2  
  80  13:53  Marine  
  79  13:56  Siege Tank x3  
  79  13:57  Marauder x2  
  92  14:03  Marine x4  
  92  14:04  Marine  
  92  14:07  Medivac  
  99  14:10  Marine x2  
  99  14:13  SCV  
  102  14:18  Marauder x2  
  106  14:24  Marine  
  106  14:25  Marine x3, SCV  
  106  14:26  Marine x2  
  106  14:28  Terran Infantry Weapons Level 3, Marine, Siege Tank, Terran Infantry Armor Level 2  
  117  14:37  SCV  
  118  14:39  Marauder, Siege Tank x2  
  125  14:58  Marine x4  
  125  14:59  Marauder, Marine x3  
  129  15:00  Siege Tank  
  129  15:01  Marauder  
  125  15:14  Marine  
  125  15:16  Marine x4  
  125  15:21  Marauder  
  117  15:58  Marine x3  
  117  15:59  Marine x6  
  117  16:00  Marine  
  117  16:01  Medivac x2  
  131  16:16  Marine  
  131  16:18  Marauder x2  
  136  16:25  SCV x2  
  138  16:26  SCV x2  
  138  16:30  Refinery  
  138  16:31  Refinery  
  140  16:37  SCV  
  140  16:39  Marauder  
  119  17:00  Marine x3  
  119  17:01  Marine x2  
Show
View Real Time Build Order
Export as new Build Order

Tofik Protoss 

Build Orders:  

Get SALT Encoding   

  12  0:01  Probe (Chrono Boost)  
  13  0:10  Probe (Chrono Boost)  
  14  0:15  Probe (Chrono Boost)  
  15  0:23  Pylon  
  15  0:41  Probe  
  16  0:44  Gateway  
  16  0:50  Assimilator  
  16  0:53  Probe  
  17  1:05  Probe (Chrono Boost)  
  18  1:16  Probe (Chrono Boost)  
  19  1:20  Probe (Chrono Boost)  
  20  1:31  Cybernetics Core  
  20  1:32  Probe  
  21  1:44  Probe  
  22  1:50  Nexus  
  22  1:52  Pylon  
  22  1:56  Probe  
  23  2:03  Assimilator  
  23  2:10  Stalker  
  23  2:13  Warp Gate  
  25  2:16  Probe (Chrono Boost)  
  26  2:24  Probe (Chrono Boost)  
  27  2:33  Gateway  
  27  2:34  Probe  
  28  2:44  Stalker  
  28  2:47  Probe  
  31  3:02  Probe  
  32  3:13  Probe  
  32  3:14  Probe  
  32  3:19  Stalker (Chrono Boost)  
  34  3:22  Pylon  
  34  3:25  Probe, Pylon  
  34  3:26  Probe  
  40  3:31  Stalker (Chrono Boost)  
  40  3:37  Probe  
  40  3:38  Probe  
  40  3:40  Robotics Facility  
  42  3:47  Assimilator  
  42  3:49  Probe  
  42  3:50  Probe  
  42  3:51  Stalker  
  46  4:00  Stalker  
  46  4:01  Probe  
  49  4:07  Gateway  
  49  4:11  Gateway  
  49  4:27  Warp Prism  
  51  4:41  Probe x2  
  53  4:46  Assimilator  
  53  4:53  Probe x2  
  55  5:00  Stalker x2  
  55  5:02  Stalker  
  55  5:04  Observer  
  62  5:12  Pylon  
  62  5:13  Pylon  
  62  5:15  Pylon  
  62  5:30  Probe x2  
  62  5:31  Stalker x2  
  62  5:32  Stalker x2  
  72  5:42  Probe x2  
  68  6:05  Stalker x2  
  68  6:06  Stalker x2  
  68  6:07  Probe x2  
  78  6:19  Probe  
  73  6:31  Nexus  
  71  6:33  Pylon  
  71  6:34  Warp Prism  
  71  6:36  Pylon  
  73  6:51  Probe x2  
  75  7:03  Probe x2  
  75  7:04  Stalker x2  
  75  7:05  Stalker  
  83  7:15  Probe x2  
  79  7:42  Probe x2  
  81  7:54  Probe x2  
  83  8:01  Stalker x4  
  91  8:18  Pylon  
  91  8:19  Pylon  
  91  8:22  Pylon  
  91  8:25  Stalker x2  
  91  8:26  Stalker x2  
  99  8:34  Gateway  
  99  8:35  Gateway  
  99  8:43  Gateway  
  99  8:45  Gateway  
  99  8:48  Gateway  
  99  8:50  Gateway  
  99  8:52  Robotics Bay  
  99  9:13  Stalker x2  
  99  9:14  Stalker x2  
  107  9:38  Stalker x3  
  107  9:39  Stalker x4  
  107  9:40  Stalker  
  82  10:19  Nexus  
  82  10:23  Stalker x3  
  82  10:24  Stalker x3  
  82  10:25  Stalker x2  
  98  10:30  Extended Thermal Lance  
  98  10:31  Colossus  
  104  10:56  Pylon  
  104  11:10  Stalker x2  
  104  11:11  Stalker x6  
  114  11:12  Stalker x2  
  124  11:24  Colossus  
  99  11:50  Stalker x3  
  99  11:51  Stalker x4  
  99  11:52  Stalker x3  
  103  11:56  Probe (Chrono Boost)  
  104  12:06  Probe (Chrono Boost)  
  95  12:11  Probe (Chrono Boost)  
  94  12:18  Colossus  
  100  12:23  Probe  
  101  12:35  Probe  
  96  12:49  Stalker x4  
  96  12:50  Stalker x4  
  72  13:11  Stalker x2  
  72  13:12  Stalker x2  
  68  13:13  Stalker x2  
  72  13:26  Stalker x2  
  72  13:27  Stalker x2  
  78  13:42  Assimilator  
  78  13:45  Assimilator  
  53  14:08  Colossus  
  59  14:10  Stalker  
  59  14:11  Stalker x2  
  59  14:13  Stalker  
  67  14:17  Stalker x3  
  58  14:53  Stalker  
  58  14:54  Stalker x4  
  57  15:14  Nexus  
Show
View Real Time Build Order
Export as new Build Order

veryfree Zerg 

Build Orders: Pool First 

Get SALT Encoding   

  12  0:01  Drone  
  13  0:13  Overlord  
  13  0:20  Drone  
  14  0:33  Drone x2  
  16  0:40  Drone  
  17  0:45  Extractor  
  17  0:49  Spawning Pool  
  15  0:52  Drone  
  16  1:00  Drone  
  17  1:11  Drone  
  18  1:21  Drone  
  19  1:33  Drone  
  19  1:37  Hatchery  
  19  1:45  Queen  
  21  1:51  Metabolic Boost  
  21  1:58  Overlord  
  21  2:02  Zergling x2  
  22  2:14  Baneling Nest  
  21  2:15  Drone  
  21  2:22  Queen  
  24  2:28  Zergling x2  
  24  2:29  Zergling x2  
  26  2:33  Zergling x2  
  26  3:06  Zergling x10  
  26  3:07  Zergling x2  
  32  3:19  Zergling x6  
  35  3:25  Overlord  
  35  3:49  Zergling x8  
  35  3:50  Zergling x2  
  35  3:55  Overlord  
  40  3:56  Drone x2  
  42  4:05  Overlord  
  42  4:10  Spore Crawler, Lair  
  40  4:18  Drone  
  40  4:19  Drone x2  
  43  4:24  Overlord  
  43  4:30  Extractor  
  42  4:42  Drone x2  
  42  4:43  Drone x4  
  48  4:56  Zergling x4  
  48  4:57  Zergling x6  
  53  5:09  Zergling x4  
  49  5:20  Zergling x4  
  43  5:27  Zergling x4  
  37  6:07  Drone x5  
  37  6:08  Drone  
  43  6:11  Spore Crawler  
  43  6:13  Overlord  
  43  6:14  Zergling x4  
  44  6:29  Hydralisk Den  
  44  6:30  Hatchery, Centrifical Hooks  
  42  6:33  Evolution Chamber, Drone x3  
  42  6:38  Extractor  
  43  6:41  Extractor  
  43  6:46  Baneling x3  
  42  6:50  Zergling x14  
  49  6:58  Overlord  
  49  7:07  Drone x4  
  53  7:12  Muscular Augments  
  53  7:13  Zerg Ground Armor Level 1  
  53  7:19  Baneling x2  
  53  7:20  Baneling  
  53  7:30  Drone x2  
  53  7:31  Drone x3  
  53  7:32  Drone x2  
  60  7:49  Queen  
  62  7:52  Drone x4  
  62  7:53  Drone x3  
  69  8:00  Baneling x3  
  69  8:01  Baneling  
  69  8:02  Zergling x4  
  69  8:03  Zergling x2  
  72  8:06  Hydralisk x2  
  76  8:13  Spore Crawler  
  76  8:15  Overlord x2  
  75  8:20  Spine Crawler  
  74  8:32  Baneling x2  
  74  8:44  Overseer  
  74  8:54  Overlord x3  
  74  8:57  Extractor  
  74  8:59  Extractor  
  74  9:00  Drone x3  
  74  9:01  Drone x5  
  80  9:04  Grooved Spines  
  80  9:16  Infestation Pit  
  79  9:24  Spire  
  79  9:29  Baneling x4  
  78  9:31  Drone x3  
  78  9:32  Drone x7  
  78  9:33  Drone x4  
  90  10:12  Overlord  
  90  10:13  Overlord x2  
  90  10:16  Hatchery  
  90  10:19  Hive  
  89  10:22  Overlord x2  
  89  10:40  Corruptor x2  
  89  10:41  Corruptor x6  
  105  11:00  Extractor  
  104  11:05  Extractor  
  103  11:11  Corruptor x2  
  103  11:12  Corruptor x6  
  103  11:18  Overlord x2  
  119  11:19  Corruptor x4  
  119  11:25  Zergling x6  
  115  11:33  Corruptor x2  
  115  11:34  Zergling x4  
  107  11:47  Baneling x4  
  107  11:56  Greater Spire  
  107  12:01  Drone x3  
  107  12:02  Drone x5  
  107  12:06  Zergling x2  
  107  12:07  Zergling x4  
  113  12:22  Zergling x8  
  115  12:23  Zergling x6  
  115  12:27  Spore Crawler  
  102  12:44  Zergling x2  
  102  12:45  Zergling x14  
  102  12:46  Zergling x2  
  88  13:20  Brood Lord x4  
  88  13:21  Brood Lord x4  
  103  13:38  Zergling x6  
  103  13:39  Zergling x10  
  103  13:40  Zergling x6  
  103  13:41  Zergling x2  
  115  13:48  Hatchery  
  114  13:56  Zergling x6  
  117  14:06  Zergling x4  
  117  14:07  Zergling x2  
  111  14:11  Baneling x2  
  111  14:12  Baneling x4  
  111  14:14  Zergling x6  
  114  14:26  Baneling x6  
  114  14:27  Spore Crawler  
  113  14:36  Drone x4  
  113  14:37  Overlord x2  
  117  14:41  Zerg Melee Weapons Level 1  
  117  14:42  Adrenal Glands  
  117  14:45  Zerg Flyer Weapons Level 1, Corruptor x3  
  118  14:57  Zergling x6  
  114  15:14  Zergling x2  
  114  15:15  Zergling x4  
  117  15:24  Zergling x6  
  120  15:31  Zergling x2, Corruptor x2  
  106  15:46  Corruptor x2  
  95  16:09  Hatchery  
  90  16:29  Zergling x10  
  90  16:30  Zergling x8  
  101  16:40  Brood Lord  
  101  16:42  Zergling x2  
  101  16:43  Zergling x8  
  108  16:51  Zergling x4  
  103  16:59  Zergling x2  
Show
View Real Time Build Order
Export as new Build Order

batiz Protoss 

Build Orders: 1 Gate Expand 

Get SALT Encoding   

  12  0:01  Probe  
  13  0:14  Probe  
  14  0:21  Pylon  
  14  0:26  Probe  
  15  0:39  Probe (Chrono Boost)  
  17  0:50  Gateway, Probe (Chrono Boost)  
  17  0:53  Assimilator  
  17  0:54  Probe (Chrono Boost)  
  18  1:06  Probe  
  18  1:07  Assimilator  
  19  1:18  Probe (Chrono Boost)  
  20  1:27  Probe (Chrono Boost)  
  21  1:32  Probe (Chrono Boost)  
  22  1:43  Nexus  
  22  1:56  Cybernetics Core  
  22  2:05  Pylon  
  22  2:06  Probe  
  23  2:13  Pylon  
  23  2:30  Forge  
  23  2:33  Stargate  
  23  2:43  Stalker (Chrono Boost)  
  25  3:06  Photon Cannon  
  25  3:16  Photon Cannon  
  25  3:19  Photon Cannon  
  25  3:25  Probe (Chrono Boost)  
  27  3:35  Probe (Chrono Boost)  
  27  3:39  Probe (Chrono Boost), Photon Cannon  
  28  3:51  Probe (Chrono Boost)  
  29  4:01  Phoenix  
  32  4:03  Probe (Chrono Boost)  
  32  4:08  Probe (Chrono Boost)  
  32  4:09  Stargate  
  33  4:12  Pylon  
  33  4:17  Probe  
  34  4:29  Probe  
  35  4:35  Phoenix  
  37  4:41  Probe  
  33  4:53  Probe  
  17  5:24  Probe (Chrono Boost)  
  15  5:33  Probe (Chrono Boost)  
  5  5:49  Probe  
  5  6:15  Probe (Chrono Boost)  
  6  6:24  Probe (Chrono Boost)  
  7  6:29  Probe (Chrono Boost)  
  8  6:35  Nexus  
  8  6:47  Probe (Chrono Boost)  
  9  7:00  Probe (Chrono Boost)  
  11  7:09  Probe (Chrono Boost)  
  11  7:14  Probe  
  12  7:26  Probe  
  13  7:38  Probe  
  13  7:43  Pylon  
  14  7:46  Phoenix  
  14  7:50  Probe  
  15  8:02  Phoenix, Probe (Chrono Boost)  
  19  8:08  Probe (Chrono Boost)  
  19  8:14  Probe (Chrono Boost)  
  20  8:23  Probe (Chrono Boost)  
  20  8:25  Probe (Chrono Boost)  
  22  8:33  Probe (Chrono Boost)  
  23  8:38  Probe (Chrono Boost)  
  22  8:59  Phoenix x2  
  22  9:02  Probe (Chrono Boost)  
  27  9:11  Photon Cannon  
  27  9:12  Probe (Chrono Boost)  
  27  9:16  Probe (Chrono Boost)  
  29  9:24  Phoenix  
  32  9:31  Assimilator, Probe (Chrono Boost)  
  32  9:32  Probe (Chrono Boost)  
  33  9:42  Probe (Chrono Boost)  
  33  9:44  Probe (Chrono Boost)  
  35  9:47  Probe (Chrono Boost)  
  35  9:52  Probe  
  37  10:04  Probe  
  36  10:16  Probe (Chrono Boost)  
  36  10:19  Phoenix  
  36  10:20  Phoenix  
  42  10:28  Probe (Chrono Boost)  
  42  10:32  Pylon  
  42  10:34  Probe (Chrono Boost)  
  42  10:35  Pylon  
  43  10:45  Probe (Chrono Boost)  
  43  10:49  Probe (Chrono Boost)  
  45  10:50  Assimilator  
  45  10:56  Phoenix x2  
  50  10:59  Probe (Chrono Boost)  
  50  11:00  Probe (Chrono Boost)  
  51  11:04  Probe (Chrono Boost)  
  52  11:21  Phoenix  
  53  11:42  Phoenix  
  53  11:46  Phoenix  
  55  12:07  Phoenix  
  55  12:11  Phoenix  
  40  12:55  Phoenix x2  
  113  13:20  Phoenix x2  
  48  13:51  Phoenix  
  44  14:34  Phoenix  
  46  14:43  Nexus  
  46  14:49  Nexus  
Tags
 
Add a new tag
Caveats
  • Supply blocks, unpowered buildings, or Contaminate may cause inaccurate times.
  • Supply counts are checked every 10 seconds.